 Dungeon Crawl Stone Soup version 0.18-a0-33-g9e10395 (webtiles) character file.

2110 patman the Basher (level 9, -2/69 HPs)
             Began as a Centaur Fighter on Nov 5, 2015.
             Was a Believer of Okawaru.
             Slain by a wolf (5 damage)
             ... on level 9 of the Dungeon.
             The game lasted 00:18:43 (8304 turns).

patman the Basher (Centaur Fighter)                 Turns: 8304, Time: 00:18:43

Health: -2/69      AC:  9    Str: 18    XL:     9   Next: 7%
Magic:  9/9        EV:  5    Int: 10    God:    Okawaru [**....]
Gold:   332        SH:  8    Dex: 13    Spells: 1 memorised, 5 levels left

rFire  . . .     SeeInvis .     K - +9 scimitar "Efae" {slice, Stlth+}
rCold  . . .     Clarity  .     b - +0 scale mail
rNeg   . . .     SustAt   .     c - +0 shield
rPois  .         Gourm    .     (no helmet)
rElec  .         Spirit   .     s - +0 cloak
rCorr  .         Warding  .     p - +1 pair of gloves
rMut   .         Stasis   .     (no barding)
MR     +....                    (no amulet)
Stlth  +.........               o - +3 ring of intelligence
                                t - ring of protection from magic

@: very quick, somewhat resistant to hostile enchantments, very unstealthy
A: hooves 3, deformed body, speed 2, tough skin 3
a: Heroism, Renounce Religion


You were on level 9 of the Dungeon.
You worshipped Okawaru.
Okawaru was pleased with you.
You were not hungry.

You visited 3 branches of the dungeon, and saw 9 of its levels.
You also visited: Ossuary.

You collected 332 gold pieces.

Inventory:

Hand Weapons
 a - a +0 flail
 r - a +3 whip of electrocution
 C - a +0 flail
 J - a +0 dire flail
 K - the +9 scimitar "Efae" (weapon) {slice, Stlth+}
   (You found it on level 5 of the Dungeon)

   It inflicts extra damage upon your enemies.
   It makes you more stealthy.
Missiles
 f - 251 stones
 k - 2 tomahawks of returning
 v - 6 tomahawks
 M - 2 poisoned tomahawks
 Q - 5 javelins (quivered)
Armour
 b - a +0 scale mail (worn)
 c - a +0 shield (worn)
 p - a +1 pair of gloves (worn)
 s - a +0 cloak (worn)
Jewellery
 g - an uncursed amulet of stasis
 l - an uncursed ring of teleportation
 o - a +3 ring of intelligence (right hand)
 t - a ring of protection from magic (left hand)
 w - an uncursed ring of ice
 y - an uncursed ring of ice
 G - the ring "Jeeteris" {Wiz *Confuse +Inv rF+ Dex+3}
   (You took it off a crimson imp on level 5 of the Dungeon)

   [ring of wizardry]

   It improves your spell success rate.
   It affects your dexterity (+3).
   It protects you from fire.
   It lets you turn invisible.
   It may confuse you when you take damage.
Wands
 I - a wand of digging (3)
 R - a wand of magic darts (29)
Scrolls
 h - 4 scrolls of teleportation
 j - a scroll of remove curse
 F - 2 scrolls of random uselessness
 H - 2 scrolls of fog
 L - 2 scrolls of identify
 O - a scroll of fear
 P - a scroll of enchant weapon
 S - a scroll of enchant armour
Potions
 d - a potion of might
 i - 4 potions of flight
 m - 2 potions of degeneration
 q - 3 potions of brilliance
 x - 2 potions of magic
 z - 2 potions of heal wounds {unknown}
 A - a potion of poison
 B - a potion of mutation {unknown}
 D - 2 potions of lignification {unknown}
 E - a potion of agility {unknown}
 T - a potion of cancellation {unknown}
Books
 u - a book of Fire

   Spells                             Type                      Level
   a - Ignite Poison                  Fire/Transmutation/Poison    3
   b - Fireball                       Conjuration/Fire             5
   c - Bolt of Fire                   Conjuration/Fire             6
   d - Delayed Fireball               Conjuration/Fire             7
   e - Ring of Flames                 Charms/Fire                  7
 N - a book of Necromancy

   Spells                             Type                      Level
   a - Pain                           Necromancy                   1
   b - Animate Skeleton               Necromancy                   1
   c - Vampiric Draining              Necromancy                   3
   d - Regeneration                   Charms/Necromancy            3
   e - Animate Dead                   Necromancy                   4
   f - Control Undead                 Necromancy                   4
Comestibles
 e - 6 bread rations
 n - 3 meat rations
 U - 3 chunks of flesh
 V - 3 fruits


   Skills:
 - Level 3.1 Fighting
 * Level 5.1 Long Blades
 - Level 9.6 Maces & Flails
 - Level 2.3 Armour
 - Level 2.2 Shields


You had 5 spell levels left.
You knew the following spells:

 Your Spells              Type           Power        Failure   Level  Hunger
R - Regeneration          Chrm/Necr      #.........   100%        3    ####...


Dungeon Overview and Level Annotations

Branches:
Dungeon (9/15)             Temple (1/1) D:4            Lair (1/8) D:9
    Orc: D:9-12

Altars:
Ashenzari
Cheibriados
Dithmenos
Fedhas
Gozag
Kikubaaqudgha
Nemelex Xobeh
Okawaru
Ru
Sif Muna
Trog
Vehumet
Xom
Yredelemnul
Zin

Annotations:
D:4 Dirtsage's ghost, amateur GrFi


Innate Abilities, Weirdness & Mutations

You have hooves in place of feet.
Armour fits poorly on your strangely shaped body.
You cover ground very quickly.
You have extremely tough skin (AC +3).


Message History

The wolf barely misses you.
Unknown command.
You hit the wolf.
The wolf is almost dead.
The wolf bites you but does no damage. The white imp gestures at you.
The puff of frost hits you!
* * * LOW HITPOINT WARNING * * *
You block the wolf's attack. The white imp barely misses you.
Drink which item? (? for menu, Esc to quit)
Okay, then.
Unknown command.
You closely miss the wolf.
The wolf is almost dead.
You block the wolf's attack. The wolf bites you but does no damage.
The white imp hits you but does no damage.
You completely miss the wolf.
The wolf is almost dead.
The wolf bites you.
You die...

.. #.......#
.
####.......#
#....#######
#...##.#
#.####.# #
#...# #.###
#.h5# #..#@#
#.#### #. #.
<. .. ##F


You could see a wolf and a white imp.

Vanquished Creatures
  Psyche (D:9)
  Prince Ribbit (D:5)
  A wolf (Lair:1)
  2 phantoms (D:6)
  2 centaurs
  A crocodile (D:9)
  An elf zombie (D:5)
  2 giant frogs
  2 elf skeletons (D:5)
  2 crimson imps (D:5)
  2 orc priests (D:3)
  A centaur skeleton (D:9)
  A human zombie (D:5)
  Crazy Yiuf (D:5)
  A giant frog zombie (D:5)
  A jelly (D:5)
  2 human skeletons (D:5)
  2 orc wizards
  An iguana (D:5)
  4 worker ants
  A hound skeleton (D:6)
  8 adders
  2 shadow imps (D:5)
  2 oozes
  2 adder zombies (Ossuary)
  2 worms (D:5)
  An adder skeleton (D:5)
  5 giant geckos
  16 orcs
  2 giant cockroaches
  7 hobgoblins
  A quokka (D:3)
  3 ball pythons
  8 bats
  A giant gecko zombie (D:6)
  4 giant newts
  10 goblins
  2 goblin zombies (Ossuary)
  2 hobgoblin zombies (Ossuary)
  11 jackals
  2 jackal skeletons
  9 kobolds
  2 kobold zombies (Ossuary)
  3 quokka zombies (Ossuary)
  8 rats
  A rat zombie (Ossuary)
146 creatures vanquished.

Vanquished Creatures (others)
  A hobgoblin zombie (Ossuary)
  A quokka zombie (Ossuary)
2 creatures vanquished.

Grand Total: 148 creatures vanquished

Notes
Turn   | Place    | Note
--------------------------------------------------------------
     0 | D:1      | patman the Centaur Fighter began the quest for the Orb.
     0 | D:1      | Reached XP level 1. HP: 19/19 MP: 1/1
   211 | D:1      | Reached XP level 2. HP: 26/26 MP: 2/2
   528 | D:1      | Reached XP level 3. HP: 29/31 MP: 3/3
   725 | D:2      | Found a shattered altar of Ashenzari.
  1566 | D:2      | Reached XP level 4. HP: 25/38 MP: 4/4
  1762 | D:2      | Found a sparkling altar of Nemelex Xobeh.
  2081 | D:3      | Reached skill level 4 in Maces & Flails
  2658 | D:3      | Reached XP level 5. HP: 34/45 MP: 5/5
  2667 | D:3      | Reached skill level 5 in Maces & Flails
  3651 | D:4      | Noticed Dirtsage's ghost (amateur GrFi)
  3864 | D:4      | Found a staircase to the Ecumenical Temple.
  3877 | Temple   | Entered the Ecumenical Temple
  3926 | Temple   | Became a worshipper of Warmaster Okawaru
  4113 | D:4      | Reached XP level 6. HP: 46/51 MP: 6/6
  4416 | D:5      | Entered Level 5 of the Dungeon
  4428 | D:5      | Reached skill level 6 in Maces & Flails
  4733 | D:5      | Reached XP level 7. HP: 29/57 MP: 7/7
  4840 | D:5      | Found a sand-covered staircase.
  4853 | D:5      | Reached skill level 7 in Maces & Flails
  4887 | Ossuary  | Entered an ossuary
  4935 | Ossuary  | Reached * piety under Okawaru
  5339 | D:5      | Got a faintly glowing tin ring
  5341 | D:5      | Identified the ring "Jeeteris" {Wiz *Confuse +Inv rF+ Dex+3} (You took it off a crimson imp on level 5 of the Dungeon)
  5954 | D:5      | Noticed Prince Ribbit
  5983 | D:5      | Killed Prince Ribbit
  5983 | D:5      | Reached skill level 8 in Maces & Flails
  6193 | D:5      | Reached XP level 8. HP: 54/63 MP: 8/8
  6195 | D:5      | Found an ancient bone altar of Kikubaaqudgha.
  6199 | D:5      | Found a blossoming altar of Fedhas.
  6667 | D:5      | Got a scorched scimitar
  6715 | D:5      | Noticed Crazy Yiuf
  6768 | D:5      | Killed Crazy Yiuf
  7255 | D:6      | Reached skill level 9 in Maces & Flails
  7410 | D:6      | Learned a level 3 spell: Regeneration
  7640 | D:6      | Identified the +9 scimitar "Efae" {slice, Stlth+} (You found it on level 5 of the Dungeon)
  7666 | D:6      | Reached ** piety under Okawaru
  7666 | D:6      | Reached skill level 1 in Long Blades
  7817 | D:6      | You fall through a shaft for 3 floors!
  7835 | D:9      | Noticed Psyche
  7847 | D:9      | Killed Psyche
  8107 | D:9      | Reached XP level 9. HP: 41/69 MP: 9/9
  8261 | D:9      | Found a staircase to the Lair.
  8266 | Lair:1   | Entered Level 1 of the Lair of Beasts
  8289 | Lair:1   | Reached skill level 5 in Long Blades
  8291 | Lair:1   | Noticed a black mamba
  8302 | D:9      | HP: 3/69 [white imp/puff of frost (10)]
  8304 | D:9      | Slain by a wolf

Vault maps used:
D:1:      ncdulo_halloftheorcs
D:2:      evilmike_ruin_ashenzari, nemelex_spade_bored_becter
D:3:      corner_web_ring
D:4:      temple_pool_b, first_bread
D:5:      grunt_temple_overflow_growth_and_decay,
          nicolae_ossuary_entry_catacombs, uniq_prince_ribbit1,
          uniq_crazy_yiuf_cottage
D:6:      mumra_celtic_spiral_tile
D:9:      lair_0_dummy, minmay_orc_entry_guard_dogs, grunt_pizzeria, uniq_erica,
          uniq_psyche
Temple:   circular_temple_12
Lair:1:   portal_ice_cave_entry_imps, uniq_joseph
Ossuary:  ossuary_minmay_chase

Action                   |  1- 3 |  4- 6 |  7- 9 || total
-------------------------+-------+-------+-------++-------
Melee: Flail             |   132 |   163 |   239 ||   534
       Whip              |       |   118 |    60 ||   178
       Scimitar          |       |       |    49 ||    49
Throw: Tomahawk          |       |     3 |    15 ||    18
       Javelin           |       |       |     2 ||     2
Invok: Heroism           |       |       |     1 ||     1
  Use: Scroll            |     4 |     7 |     4 ||    15
       Potion            |       |     2 |     2 ||     4
  Eat: Chunk             |     1 |     4 |     4 ||     9
       Beef jerky        |       |     1 |       ||     1
       Meat ration       |       |     1 |     1 ||     2
